 Dungeon Crawl Stone Soup version 0.29-a0-197-ge3fb4bd5a4 (webtiles) character file.

Game seed: 16484656907321716109

8740 Hasart the Thaumaturge (level 11, -1/74 HPs)
             Began as a Djinni Conjurer on Feb 22, 2022.
             Was a Priest of Makhleb.
             Shot with an arrow by a centaur warrior (20 damage)
             ... on level 10 of the Dungeon.
             The game lasted 00:28:04 (12657 turns).

Hasart the Thaumaturge (Djinni Conjurer)           Turns: 12657, Time: 00:28:05

Health: -1/74      AC:  4    Str:  6    XL:     11   Next: 61%
Gold:   334        EV: 18    Int: 24    God:    Makhleb [***...] SH:  5 Dex: 12

rFire   + + .      SeeInvis .   i - +3 mace (holy)
rCold   x . .      Faith    .   (no shield)
rNeg    + . .      Spirit   .   t - +0 troll leather armour
rPois   ∞          Reflect  +   (no helmet)
rElec   .          Harm     .   (no cloak)
rCorr   .          Rampage  .   (no gloves)
Will    +....                   (boots unavailable)
Stlth   ++........              v - amulet of reflection
HPRegen 1.02/turn               g - ring of positive energy
MPRegen 0.00/turn               j - +4 ring of evasion

@: flying
A: sickness immunity, fire resistance 2, cold vulnerability 1, float, innate
caster, HP casting, extra vitality 1
a: Renounce Religion, Minor Destruction, Lesser Servant of Makhleb


You were on level 10 of the Dungeon.
You worshipped Makhleb.
Makhleb was most pleased with you.
You visited 2 branches of the dungeon, and saw 11 of its levels.

You collected 399 gold pieces.
You spent 65 gold pieces at shops.

Inventory:

Hand Weapons
 i - a +3 mace of holy wrath (weapon)
Missiles
 y - a throwing net
Armour
 r - a +0 robe of positive energy
 t - a +0 troll leather armour (worn)
Jewellery
 f - an amulet of faith
 g - a ring of positive energy (left hand)
 j - a +4 ring of evasion (right hand)
 v - an amulet of reflection (around neck)
 x - a ring of positive energy
Scrolls
 b - a scroll of blinking
 c - 3 scrolls of identify
 m - 2 scrolls of teleportation
 o - 2 scrolls of fear
 p - a scroll of enchant weapon
 w - a scroll of immolation {unknown}
Potions
 a - a potion of degeneration {unknown}
 d - 2 potions of attraction
 e - a potion of cancellation {unknown}
 h - 4 potions of heal wounds
 k - a potion of might {unknown}
 l - a potion of berserk rage {unknown}
 n - 6 potions of lignification
 q - 4 potions of curing
 s - 2 potions of mutation {unknown}
 u - 3 potions of brilliance
 z - 2 potions of invisibility {unknown}


   Skills:
 + Level 4.9 Fighting
 + Level 9.7 Dodging
 - Level 1.8 Stealth
 * Level 10.0 Spellcasting
 + Level 7.3 Invocations


You had 4 spell levels left.
You knew the following spells:

 Your Spells              Type           Power      Damage    Failure   Level
a - Searing Ray           Conj           100%       2d8       1%          2
b - Magic Dart            Conj           100%       1d8       1%          1
c - Fulminant Prism       Conj/Hex       28%        3d14      1%          4
d - Iskenderun's Mystic   Conj/Tloc      57%        2d12      1%          4
e - Dazzling Flash        Conj/Hex       100%       N/A       1%          3
f - Shock                 Conj/Air       100%       1d9       1%          1
g - Ensorcelled Hibernat  Hex/Ice        100%       N/A       1%          2
h - Call Imp              Summ           57%        N/A       1%          2
i - Spider Form           Tmut/Pois      57%        N/A       1%          3
j - Cause Fear            Hex            28%        N/A       1%          4
Your spell library was empty.

Dungeon Overview and Level Annotations

Branches:
Dungeon (10/15)            Temple (1/1) D:5            Lair (0/6) D:9
    Orc (0/2) D:10

Altars:
Ashenzari
Cheibriados
Dithmenos
Elyvilon
Fedhas
Gozag
Hepliaklqana
Kikubaaqudgha
Makhleb
Nemelex Xobeh
Okawaru
Qazlal
Ru
Sif Muna
Trog
Uskayaw
Vehumet
Wu Jian
Xom
Yredelemnul
Zin
The Shining One

Shops:
D:3 !   D:9 *

Annotations:
D:7 1 runed translucent door, Crazy Yiuf


Innate Abilities, Weirdness & Mutations

You are immune to sickness and miasma.
You are immune to poison.
Your flesh is very heat resistant. (rF++)
You are vulnerable to cold. (rC-)
You float through the air rather than walking.
You learn spells naturally, not from books.
Your magical power is your life essence.
You have superior vitality. (+4 MHP)


Message History

The centaur warrior shoots an arrow.
The arrow barely misses you.
Your fulminant prism explodes!
The blast of energy engulfs the centaur warrior!!
The centaur warrior is heavily wounded.
You hear a shout!
Unknown command.
Unknown command.
Unknown command.
Casting: Fulminant Prism (dangerous; 1% risk of failure)
Confirm with . or Enter, or press ? or * to list all spells.
Aiming: Fulminant Prism (dangerous; 1% risk of failure)
Press: ? - help, Dir - move target Out of range.
Okay, then.
The centaur warrior shoots an arrow.
The arrow hits you!!
There is an open door here.
Casting: Fulminant Prism (dangerous; 1% risk of failure)
Confirm with . or Enter, or press ? or * to list all spells.
Aiming: Fulminant Prism (dangerous; 1% risk of failure)
Press: ? - help, Dir - move target You conjure a prism of explosive energy!
A fulminant prism comes into view.
Unknown command.
Unknown command.
Casting: Fulminant Prism (dangerous; 1% risk of failure)
Confirm with . or Enter, or press ? or * to list all spells.
Okay, then.
Casting: Fulminant Prism (dangerous; 1% risk of failure)
Confirm with . or Enter, or press ? or * to list all spells.
You can't see any susceptible monsters within range! (Use Z to cast anyway.)
Casting: Fulminant Prism (dangerous; 1% risk of failure)
Confirm with . or Enter, or press ? or * to list all spells.
Aiming: Fulminant Prism (dangerous; 1% risk of failure)
Press: ? - help, Dir - move target You conjure a prism of explosive energy!
A fulminant prism comes into view.
The centaur warrior shoots an arrow.
The arrow hits you!!
* * * LOW HITPOINT WARNING * * *
The centaur warrior shoots an arrow.
The arrow hits you!!
You die...

....# .... ....
########..
#......#c*
#.....*'.#
#......#.#
#......#.#######
#......@........
>......#........
.......#........
###....#).......
#....#..######
.######..#
.........#
.........# ..#
.........# ..#


You could see a centaur warrior (ally target) and 2 friendly fulminant prisms.

Vanquished Creatures
  A centaur warrior (D:10)
  A two-headed ogre (D:10)
  Pikel (D:7)
  A kobold demonologist (D:10)
  A troll (D:10)
  Grinder (D:6)
  A slime creature (D:6)
  A shadow (D:10)
  Sigmund (D:5)
  4 yaks (D:9)
  6 wyverns
  A steam dragon (D:7)
  5 water moccasins
  An ice beast (D:3)
  A black bear (D:6)
  4 orc warriors
  A sky beast (D:5)
  3 centaurs
  3 phantoms
  A lemure (D:7)
  2 kobold brigands
  A scorpion (D:7)
  3 bullfrogs
  A water moccasin skeleton (D:7)
  14 wights
  4 howler monkeys
  A centaur zombie (D:7)
  9 jellies
  9 orc priests
  2 centaur skeletons
  2 gnoll shamans (D:8)
  3 hounds
  Jessica (D:2)
  3 iguanas
  Natasha (thrice) (D:2)
  9 orc wizards
  A killer bee zombie (D:7)
  A hound skeleton (D:4)
  3 adders
  23 gnolls
  4 white imps
  2 dart slugs (D:1)
  23 orcs
  2 bats
  18 endoplasms
  4 giant cockroaches
  9 goblins
  5 hobgoblins
  4 jackals (D:3)
  5 quokkas
  5 ball pythons
  10 kobolds
  4 rats
229 creatures vanquished.

Vanquished Creatures (others)
  90 fulminant prisms
  6 fungi
  15 plants (D:9)
111 creatures vanquished.

Grand Total: 340 creatures vanquished

Notes
Turn   | Place    | Note
-------+----------+-------------------------------------------
     0 | D:1      | Hasart the Djinni Conjurer began the quest for the Orb.
     0 | D:1      | Reached XP level 1. HP: 15/15 MP: 0/0
   286 | D:1      | Reached XP level 2. HP: 17/21 MP: 0/0
  1097 | D:2      | Noticed Natasha
  1099 | D:2      | Found a faded altar of an unknown god.
  1107 | D:2      | Noticed a crimson imp
  1108 | D:2      | Killed Natasha
  1109 | D:2      | Reached XP level 3. HP: 16/25 MP: 0/0
  1109 | D:2      | Learned a level 1 spell: Shock
  1156 | D:2      | Noticed Natasha
  1162 | D:2      | Killed Natasha
  1163 | D:2      | Reached skill level 4 in Spellcasting
  1163 | D:2      | Reached XP level 4. HP: 19/31 MP: 0/0
  1236 | D:2      | Noticed Natasha
  1246 | D:2      | Killed Natasha
  1590 | D:2      | Reached XP level 5. HP: 17/35 MP: 0/0
  1590 | D:2      | Learned a level 2 spell: Ensorcelled Hibernation
  1926 | D:2      | Noticed Jessica
  1932 | D:2      | Killed Jessica
  2368 | D:3      | Reached XP level 6. HP: 38/40 MP: 0/0
  2408 | D:3      | Noticed an ice beast
  2891 | D:3      | Killed an ice beast
  2892 | D:3      | Reached skill level 5 in Spellcasting
  3238 | D:3      | Found Raorhu's Distillery.
  3241 | D:3      | Bought a potion of heal wounds for 65 gold pieces
  3258 | D:3      | Reached XP level 7. HP: 41/45 MP: 0/0
  3258 | D:3      | Learned a level 2 spell: Call Imp
  3731 | D:4      | Reached skill level 5 in Dodging
  4057 | D:4      | Identified the +2 leather armour "Gibi" {Harm rC+ Will-
                  | rCorr Dex+2}
  4623 | D:5      | Entered Level 5 of the Dungeon
  4623 | D:5      | Found a staircase to the Ecumenical Temple.
  4641 | Temple   | Entered the Ecumenical Temple
  4760 | Temple   | Became a worshipper of Makhleb the Destroyer
  4926 | D:5      | Reached skill level 1 in Invocations
  4927 | D:5      | Reached skill level 6 in Spellcasting
  4927 | D:5      | Reached XP level 8. HP: 42/50 MP: 0/0
  4972 | D:5      | Noticed a wyvern
  5178 | D:5      | Killed a wyvern
  5511 | D:5      | Noticed Sigmund
  5516 | D:5      | Killed Sigmund
  5517 | D:5      | Reached skill level 7 in Spellcasting
  5517 | D:5      | Reached XP level 9. HP: 42/55 MP: 0/0
  5517 | D:5      | Learned a level 3 spell: Spider Form
  5883 | D:5      | Found a sparkling altar of Nemelex Xobeh.
  5883 | D:5      | Found an opulent altar of Gozag.
  6264 | D:6      | Noticed a slime creature
  6270 | D:6      | Reached * piety under Makhleb
  6273 | D:6      | Killed a slime creature
  6475 | D:6      | Noticed Grinder
  6479 | D:6      | Paralysed by Grinder for 6 turns
  6486 | D:6      | Killed Grinder
  7201 | D:7      | Reached skill level 8 in Spellcasting
  7264 | D:7      | Reached skill level 5 in Invocations
  7791 | D:7      | Reached XP level 10. HP: 52/60 MP: 0/0
  8189 | D:7      | Reached ** piety under Makhleb
  8309 | D:7      | Noticed Pikel
  8319 | D:7      | Killed Pikel
  8320 | D:7      | Reached skill level 1 in Fighting
  8688 | D:7      | Found a runed translucent door.
  8689 | D:7      | Noticed Crazy Yiuf
 10408 | D:9      | Reached skill level 9 in Spellcasting
 11008 | D:9      | Found Yzuthrudu's Overcharged Wands.
 11050 | D:9      | Reached XP level 11. HP: 60/71 MP: 0/0
 11050 | D:9      | Learned a level 4 spell: Cause Fear
 11058 | D:9      | Reached *** piety under Makhleb
 11429 | D:9      | Found a staircase to the Lair.
 11942 | D:10     | Entered Level 10 of the Dungeon
 11945 | D:10     | Noticed a two-headed ogre
 11951 | D:10     | Killed a two-headed ogre
 11951 | D:10     | Noticed a centaur warrior
 11959 | D:10     | Killed a centaur warrior
 12454 | D:10     | Reached skill level 10 in Spellcasting
 12650 | D:10     | Found a staircase to the Orcish Mines.
 12651 | D:10     | Noticed a centaur warrior
 12657 | D:10     | Shot with an arrow by a centaur warrior

Illustrated notes

Levels and vault maps discovered:
D:1:      amcnicky_arrival_feature_with_door, layout_loops_ring
D:2:      layout_rooms, basic_ecumenical_altar, kennysheep_jessica_study,
          uniq_jessica, uniq_natasha
D:3:      layout_basic, serial_shops, nicolae_shop_behind_doors, hex_large
D:4:      layout_basic
D:5:      layout_rooms, grunt_temple_overflow_opulence,
          minmay_temple_entry_junction_2, hangedman_decor_lopped, uniq_sigmund
D:6:      lemuel_slime, layout_basic, nicolae_overflow_hidden_temple,
          uniq_grinder
D:7:      layout_basic, kennysheep_mini, uniq_pikel, uniq_crazy_yiuf_cottage
D:8:      layout_loops_ring
D:9:      layout_irregular_city, minmay_lair_entry_grove, grunt_ministairs_10,
          nicolae_shop_overcharged_wands
D:10:     layout_irregular_city, orc_0_dummy, uniq_lodul, uniq_sonja,
          uniq_josephine, uniq_erica
Temple:   compressed_dpeg_circular_temple

Skill      XL: |  1  2  3  4  5  6  7  8  9 10 11 |
---------------+----------------------------------+-----
Dodging        | 3 4 5 6 7 8 9 |  9.7
Spellcasting   | 4 5 6 7 8 9 10 | 10.0
Invocations    | 1 3 5 6 7 |  7.3
Fighting       | 3 4 |  4.9
Stealth        | |  1.8

Action                   |  1- 3 |  4- 6 |  7- 9 | 10-12 || total
-------------------------+-------+-------+-------+-------++-------
Melee: Mace              |     3 |    15 |     2 |    15 ||    35
 Cast: Magic Dart        |    11 |     4 |       |       ||    15
       Searing Ray       |     8 |    31 |    46 |    19 ||   104
       Fulminant Prism   |       |     5 |    27 |    60 ||    92
       Dazzling Flash    |       |     1 |       |     1 ||     2
       Iskenderun's Myst |       |       |    11 |    35 ||    46
       Shock             |       |       |       |     2 ||     2
       Ensorcelled Hiber |       |       |       |     1 ||     1
  Use: Potion            |       |       |     1 |       ||     1
       Scroll            |       |       |    14 |       ||    14
Armor: Robe              |       |     7 |     5 |     5 ||    17
Dodge: Dodged            |     6 |    54 |    60 |    63 ||   183
Block: Other             |       |       |    16 |    17 ||    33
       Reflection        |       |       |     1 |     6 ||     7

Table legend: (Time is in decaauts)
 A = Elapsed time spent in this place.
 B = Non-inter-level travel time spent in this place.
 C = Inter-level travel time spent in this place.
 D = Time resting spent in this place.
 E = Time spent auto-exploring this place.
 F = Levels seen in this place.
 G = Mean time per level.
                   A        B        C        D        E       F      G
               +--------+--------+--------+--------+--------+-----+--------+
         Total |  12685 |  12106 |    579 |   2763 |   7797 |  11 | 1153.2 |
       Dungeon |  12359 |  11793 |    566 |   2592 |   7735 |  10 | 1235.9 |
        Temple |    326 |    313 |     13 |    171 |     62 |   1 |  326.0 |
               +--------+--------+--------+--------+--------+-----+--------+

Top non-repeatable levels by time:
     D:7: 1811 daAuts
     D:6: 1525 daAuts
     D:8: 1497 daAuts
     D:9: 1473 daAuts
     D:1: 1259 daAuts
     D:2: 1212 daAuts
     D:4: 1141 daAuts
     D:5: 1100 daAuts
     D:3: 1024 daAuts
  Temple: 326 daAuts
    D:10: 313 daAuts
